 Dungeon Crawl Stone Soup version 0.20.0-1-g1cb1d84 (webtiles) character file.

121 vatarom the Shooter (level 4, 0/40 HPs)
             Began as a Centaur Hunter on May 26, 2017.
             Slain by an adder (5 damage)
             ... on level 3 of the Dungeon.
             The game lasted 00:06:43 (3107 turns).

vatarom the Shooter (Centaur Hunter)                Turns: 3107, Time: 00:06:43

Health: 0/40       AC:  4    Str: 13 (14) XL:     4   Next: 76%
Magic:  4/4        EV:  9    Int: 14 (15) God:
Gold:   134        SH:  0    Dex: 10 (11) Spells: 3/3 levels left

rFire    . . .     SeeInvis .   j - +0 dagger (protect)
rCold    . . .     Gourm    .   (no shield)
rNeg     . . .     Faith    .   c - +0 leather armour
rPois    .         Spirit   .   (no helmet)
rElec    .         Reflect  .   (no cloak)
rCorr    .         Harm     .   (no gloves)
MR       +....                  (no barding)
Stlth    +.........             (no amulet)
Regen    0.2/turn               h - ring of wizardry
MPRegen  0.1/turn               i - ring of protection from magic

@: brilliant, lethally poisoned (0 -> -4), very quick
A: hooves 3, deformed body, speed 2, tough skin 3
a: no special abilities


You were on level 3 of the Dungeon.
You were not hungry.

You visited 1 branch of the dungeon, and saw 3 of its levels.

You collected 134 gold pieces.

Inventory:

Hand Weapons
 a - a +1 shortbow
 j - a +0 dagger of protection (weapon)
Missiles
 d - 20 arrows
Armour
 c - a +0 leather armour (worn)
Jewellery
 h - a ring of wizardry (left hand)
 i - a ring of protection from magic (right hand)
Scrolls
 b - a scroll of fear
 e - 4 scrolls of identify
 n - 3 scrolls of magic mapping {unknown}
Potions
 g - a potion of magic
 o - a potion of curing
Comestibles
 f - a bread ration
 k - 2 royal jellies
 l - 2 meat rations


   Skills:
 * Level 4.2 Fighting
 + Level 6.3 Bows
 - Level 1.3 Dodging
 - Level 0.4 Stealth


You had 3 spell levels left.
You didn't know any spells.

Dungeon Overview and Level Annotations

Branches:
Dungeon (3/15)

Altars:


Innate Abilities, Weirdness & Mutations

You have hooves in place of feet.
Armour fits poorly on your strangely shaped body.
You cover ground very quickly.
You have extremely tough skin. (AC +3)


Message History

* * * LOW HITPOINT WARNING * * *
You feel sick. The adder bites you.
* * * LOW HITPOINT WARNING * * *
You are more poisoned.
The adder poisons you!
It was a potion of curing.
You feel better. The adder bites you but does no damage. The adder bites you.
* * * LOW HITPOINT WARNING * * *
Unknown command.
It was a potion of brilliance.
You feel clever all of a sudden. The adder bites you.
* * * LOW HITPOINT WARNING * * *
You are poisoned.
The adder poisons you!
You barely miss the adder.
The adder is heavily wounded.
* * * LOW HITPOINT WARNING * * *
You feel sick. The adder bites you.
You die...

##.........................#
#.................)........# #
#..........................#
.#'#..........................#
..............................#
...#..........................
##........................#
##.......................#
##......@S.....(.....((.(
######.................#..>.
#......^..............##....
#....................## ....
#...................## ##+#
#........#.........##
#........##.......##
#...............###
#...............#


You could see an adder.

Vanquished Creatures
  An orc priest (D:3)
  2 adders
  3 oozes
  3 worms
  2 orcs
  5 bats
  2 giant cockroaches
  7 goblins
  7 hobgoblins
  4 kobolds
  3 quokkas
  3 ball pythons
  3 frilled lizards
  5 rats
50 creatures vanquished.

Notes
Turn   | Place    | Note
-------+----------+-------------------------------------------
     0 | D:1      | vatarom the Centaur Hunter began the quest for the Orb.
     0 | D:1      | Reached XP level 1. HP: 17/17 MP: 1/1
    99 | D:1      | Reached XP level 2. HP: 13/25 MP: 2/2
  1531 | D:2      | Reached XP level 3. HP: 31/31 MP: 3/3
  2553 | D:3      | Reached XP level 4. HP: 28/40 MP: 4/4
  2572 | D:3      | Reached skill level 6 in Bows
  3107 | D:3      | Slain by an adder

Skill      XL: |  1  2  3  4 |
---------------+-------------+-----
Fighting       | 3 4 |  4.2
Bows           | 6 |  6.3
Dodging        | |  1.3
Stealth        | |  0.4

Action                   |  1- 3 |  4- 6 || total
-------------------------+-------+-------++-------
Melee: Short sword       |    41 |       ||    41
       Kick              |    27 |     4 ||    31
       Dagger            |    91 |    31 ||   122
 Fire: Shortbow          |    58 |    37 ||    95
  Use: Scroll            |     4 |       ||     4
       Potion            |     5 |     2 ||     7
  Eat: Chunk             |     2 |       ||     2
       Bread ration      |     1 |       ||     1
Armor: Leather armour    |    63 |    18 ||    81
Dodge: Dodged            |    80 |    18 ||    98
